2933 views
Uploaded 2019-12-26 20:25:26
Game version 1.32.0.4
36:43 long 1on1 ladder game on (2)Amazonia
Saved by BEARAND
2933 views
Uploaded 2019-12-26 20:25:26
Game version 1.32.0.4
36:43 long 1on1 ladder game on (2)Amazonia

22 units @ 1.8k
/ 0k
174 buildings @ 6.6k
/ 3.9k



x1)
| Potion of Healing | 2 | 300 |
| Ivory Tower | 1 | 40 |
| Mechanical Critter | 2 | 100 |
| Staff of Sanctuary | 3 | 750 |
| Orb of Fire | 2 | 650 |
| Boots of Speed | 3 | 750 |
| Staff of Teleportation | 4 | 600 |
| Tome of Retraining | 1 | 300 |
| Periapt of Vitality | 1 | 325 |
| Potion of Lesser Invulnerability | 2 | 300 |
| total: | 21 | 4115g |
| Peasant | 20 | 1500 | / | 0 |
| Priest | 1 | 135 | / | 10 |
| Sorceress | 1 | 155 | / | 20 |
| total: | 22 | 1790g | / | 30w |
| Scout Tower | 162 | 4860 | / | 3240 |
| Arcane Tower | 15 | 1050 | / | 750 |
| Guard Tower | 80 | 5600 | / | 4000 |
| Altar of Kings | 1 | 180 | / | 50 |
| Farm | 4 | 320 | / | 80 |
| Lumber Mill | 1 | 120 | / | 0 |
| Arcane Vault | 3 | 390 | / | 90 |
| Town Hall | 1 | 385 | / | 205 |
| Arcane Sanctum | 2 | 300 | / | 280 |
| Keep | 1 | 320 | / | 210 |
| Castle | 1 | 360 | / | 210 |
| total: | 174 | 6555g | / | 3945w |
| 0:01 | Peasant |
| 0:01 | Peasant |
| 0:12 | Altar of Kings |
| 0:18 | Farm |
| 0:21 | Scout Tower |
| 0:23 | Peasant |
| 0:27 | Farm |
| 0:34 | Peasant |
| 0:37 | Peasant |
| 1:00 | Peasant |
| 1:03 | Lumber Mill |
| 1:07 | Peasant |
| 1:20 | Peasant |
| 1:25 | Scout Tower |
| 1:26 | Peasant |
| 1:35 | Peasant |
| 1:39 | Arcane Tower |
| 1:57 | Scout Tower |
| 1:59 | Scout Tower |
| 2:03 | Peasant |
| 2:04 | Peasant |
| 2:22 | Summon Water Elemental |
| 2:29 | Guard Tower |
| 2:29 | Peasant |
| 2:37 | Guard Tower |
| 2:38 | Peasant |
| 2:52 | Peasant |
| 2:56 | Scout Tower |
| 2:57 | Scout Tower |
| 3:33 | Brilliance Aura |
| 3:42 | Guard Tower |
| 3:43 | Scout Tower |
| 3:49 | Guard Tower |
| 3:57 | Guard Tower |
| 4:21 | Keep |
| 4:24 | Guard Tower |
| 4:30 | Scout Tower |
| 4:30 | Scout Tower |
| 4:33 | Farm |
| 4:33 | Farm |
| 4:35 | Improved Masonry |
| 4:41 | Arcane Vault |
| 4:44 | Arcane Vault |
| 5:48 | Guard Tower |
| 6:00 | Summon Water Elemental |
| 6:15 | Boots of Speed |
| 6:15 | Staff of Teleportation |
| 6:35 | Town Hall |
| 6:39 | Scout Tower |
| 6:39 | Scout Tower |
| 6:40 | Scout Tower |
| 6:40 | Scout Tower |
| 6:41 | Scout Tower |
| 6:42 | Scout Tower |
| 6:42 | Scout Tower |
| 6:42 | Scout Tower |
| 6:43 | Scout Tower |
| 6:43 | Scout Tower |
| 6:44 | Scout Tower |
| 6:44 | Scout Tower |
| 7:09 | Arcane Tower |
| 7:15 | Potion of Healing |
| 7:18 | Guard Tower |
| 7:25 | Advanced Masonry |
| 7:35 | Guard Tower |
| 8:00 | Storm Bolt |
| 8:18 | Arcane Sanctum |
| 8:20 | Guard Tower |
| 8:29 | Guard Tower |
| 8:30 | Guard Tower |
| 8:40 | Potion of Healing |
| 9:01 | Guard Tower |
| 9:03 | Improved Lumber Harvesting |
| 9:07 | Scout Tower |
| 9:07 | Scout Tower |
| 9:08 | Scout Tower |
| 9:08 | Scout Tower |
| 9:17 | Arcane Sanctum |
| 9:26 | Guard Tower |
| 9:28 | Scout Tower |
| 9:29 | Scout Tower |
| 9:30 | Scout Tower |
| 9:31 | Scout Tower |
| 9:33 | Guard Tower |
| 9:42 | Guard Tower |
| 9:47 | Peasant |
| 9:47 | Peasant |
| 9:47 | Peasant |
| 9:48 | Peasant |
| 10:24 | Bash |
| 10:41 | Brilliance Aura |
| 10:49 | Guard Tower |
| 10:49 | Guard Tower |
| 10:51 | Castle |
| 10:55 | Priest |
| 10:56 | Magic Sentry |
| 11:15 | Guard Tower |
| 11:15 | Guard Tower |
| 11:17 | Scout Tower |
| 11:18 | Scout Tower |
| 11:20 | Scout Tower |
| 11:20 | Scout Tower |
| 11:28 | Peasant |
| 11:33 | Boots of Speed |
| 11:33 | Staff of Teleportation |
| 11:41 | Arcane Vault |
| 11:44 | Guard Tower |
| 11:49 | Priest Adept Training |
| 11:53 | Arcane Tower |
| 12:02 | Scout Tower |
| 12:02 | Scout Tower |
| 12:03 | Scout Tower |
| 12:04 | Scout Tower |
| 12:05 | Scout Tower |
| 12:05 | Scout Tower |
| 12:06 | Scout Tower |
| 12:19 | Guard Tower |
| 12:33 | Guard Tower |
| 12:39 | Ivory Tower |
| 12:39 | Mechanical Critter |
| 12:42 | Mechanical Critter |
| 13:11 | Guard Tower |
| 13:25 | Staff of Sanctuary |
| 13:28 | Orb of Fire |
| 13:35 | Guard Tower |
| 13:56 | Scout Tower |
| 13:57 | Scout Tower |
| 13:59 | Sorceress Adept Training |
| 14:00 | Sorceress |
| 14:01 | Imbued Masonry |
| 14:01 | Advanced Lumber Harvesting |
| 14:18 | Guard Tower |
| 14:20 | Scout Tower |
| 14:20 | Scout Tower |
| 14:21 | Scout Tower |
| 14:21 | Scout Tower |
| 14:22 | Scout Tower |
| 14:31 | Holy Light |
| 14:53 | Scout Tower |
| 14:53 | Scout Tower |
| 14:54 | Scout Tower |
| 14:54 | Scout Tower |
| 14:54 | Scout Tower |
| 14:55 | Scout Tower |
| 14:57 | Staff of Sanctuary |
| 14:58 | Orb of Fire |
| 15:00 | Boots of Speed |
| 15:00 | Staff of Teleportation |
| 15:11 | Staff of Teleportation |
| 15:26 | Guard Tower |
| 15:28 | Guard Tower |
| 15:31 | Scout Tower |
| 15:31 | Scout Tower |
| 15:32 | Scout Tower |
| 15:32 | Scout Tower |
| 15:33 | Scout Tower |
| 15:33 | Scout Tower |
| 16:59 | Guard Tower |
| 17:06 | Storm Bolt |
| 17:18 | Staff of Sanctuary |
| 17:31 | Tome of Retraining |
| 17:31 | Retrain Hero |
| 17:32 | Blizzard |
| 17:32 | Brilliance Aura |
| 17:32 | Blizzard |
| 17:32 | Brilliance Aura |
| 17:35 | Periapt of Vitality |
| 17:40 | Divine Shield |
| 17:49 | Arcane Tower |
| 17:50 | Guard Tower |
| 18:03 | Scout Tower |
| 18:03 | Scout Tower |
| 18:05 | Scout Tower |
| 18:07 | Scout Tower |
| 18:07 | Scout Tower |
| 18:08 | Scout Tower |
| 18:08 | Scout Tower |
| 18:08 | Scout Tower |
| 18:09 | Scout Tower |
| 18:09 | Scout Tower |
| 18:10 | Scout Tower |
| 18:10 | Scout Tower |
| 18:47 | Arcane Tower |
| 19:06 | Guard Tower |
| 19:07 | Arcane Tower |
| 19:08 | Guard Tower |
| 19:10 | Scout Tower |
| 19:10 | Scout Tower |
| 19:11 | Scout Tower |
| 19:13 | Scout Tower |
| 19:14 | Scout Tower |
| 19:14 | Scout Tower |
| 19:15 | Scout Tower |
| 19:16 | Scout Tower |
| 19:16 | Scout Tower |
| 19:17 | Scout Tower |
| 19:17 | Scout Tower |
| 19:18 | Scout Tower |
| 19:18 | Scout Tower |
| 19:25 | Potion of Lesser Invulnerability |
| 19:39 | Guard Tower |
| 20:10 | Guard Tower |
| 20:55 | Guard Tower |
| 21:21 | Scout Tower |
| 21:22 | Scout Tower |
| 21:23 | Scout Tower |
| 21:24 | Scout Tower |
| 21:24 | Scout Tower |
| 21:32 | Arcane Tower |
| 21:33 | Guard Tower |
| 21:33 | Guard Tower |
| 21:44 | Scout Tower |
| 21:45 | Scout Tower |
| 21:45 | Scout Tower |
| 21:46 | Scout Tower |
| 21:46 | Scout Tower |
| 21:47 | Scout Tower |
| 21:48 | Scout Tower |
| 21:49 | Scout Tower |
| 21:49 | Scout Tower |
| 21:50 | Scout Tower |
| 21:50 | Scout Tower |
| 21:51 | Scout Tower |
| 21:54 | Scout Tower |
| 21:55 | Scout Tower |
| 21:55 | Scout Tower |
| 21:56 | Scout Tower |
| 21:56 | Scout Tower |
| 21:57 | Scout Tower |
| 21:59 | Scout Tower |
| 21:59 | Scout Tower |
| 22:00 | Scout Tower |
| 22:00 | Scout Tower |
| 22:01 | Scout Tower |
| 22:01 | Scout Tower |
| 22:05 | Guard Tower |
| 22:22 | Guard Tower |
| 22:23 | Guard Tower |
| 22:25 | Scout Tower |
| 23:00 | Guard Tower |
| 23:01 | Arcane Tower |
| 24:02 | Scout Tower |
| 24:03 | Scout Tower |
| 24:03 | Scout Tower |
| 24:04 | Scout Tower |
| 24:04 | Scout Tower |
| 24:05 | Scout Tower |
| 24:05 | Scout Tower |
| 24:06 | Scout Tower |
| 24:07 | Scout Tower |
| 24:25 | Arcane Tower |
| 24:26 | Guard Tower |
| 24:27 | Guard Tower |
| 24:27 | Guard Tower |
| 24:27 | Guard Tower |
| 24:41 | Guard Tower |
| 24:55 | Guard Tower |
| 25:40 | Guard Tower |
| 25:58 | Arcane Tower |
| 25:58 | Guard Tower |
| 26:16 | Guard Tower |
| 26:23 | Scout Tower |
| 26:23 | Scout Tower |
| 27:06 | Arcane Tower |
| 27:06 | Guard Tower |
| 27:08 | Arcane Tower |
| 27:09 | Guard Tower |
| 28:31 | Scout Tower |
| 28:31 | Scout Tower |
| 28:33 | Arcane Tower |
| 28:33 | Arcane Tower |
| 28:34 | Guard Tower |
| 28:36 | Guard Tower |
| 28:36 | Guard Tower |
| 28:41 | Potion of Lesser Invulnerability |
| 28:53 | Scout Tower |
| 28:53 | Scout Tower |
| 28:54 | Scout Tower |
| 28:54 | Scout Tower |
| 28:55 | Scout Tower |
| 28:55 | Scout Tower |
| 28:57 | Scout Tower |
| 28:58 | Scout Tower |
| 28:59 | Scout Tower |
| 28:59 | Scout Tower |
| 28:59 | Scout Tower |
| 29:00 | Scout Tower |
| 29:57 | Scout Tower |
| 29:57 | Scout Tower |
| 29:58 | Scout Tower |
| 29:58 | Scout Tower |
| 30:32 | Guard Tower |
| 30:36 | Scout Tower |
| 30:37 | Scout Tower |
| 30:37 | Scout Tower |
| 30:37 | Scout Tower |
| 30:39 | Scout Tower |
| 30:40 | Scout Tower |
| 30:40 | Scout Tower |
| 30:54 | Scout Tower |
| 30:54 | Scout Tower |
| 30:55 | Scout Tower |
| 30:55 | Scout Tower |
| 30:56 | Scout Tower |
| 30:56 | Scout Tower |
| 30:57 | Guard Tower |
| 31:00 | Guard Tower |
| 31:08 | Guard Tower |
| 31:10 | Guard Tower |
| 31:13 | Guard Tower |
| 31:15 | Guard Tower |
| 32:44 | Guard Tower |
| 32:46 | Scout Tower |
| 32:47 | Scout Tower |
| 32:47 | Scout Tower |
| 32:48 | Scout Tower |
| 32:48 | Scout Tower |
| 32:49 | Scout Tower |
| 33:03 | Guard Tower |
| 33:04 | Guard Tower |
| 34:16 | Guard Tower |
| 34:27 | Guard Tower |
| 34:55 | Holy Light |
| 35:30 | Bash |
| Right click | 3201 |
| Select | 1103 |
| Select group | 454 |
| Build/train/purchase | 300 |
| Use ability | 146 |
| Chat | 97 |
| Assign group | 42 |
| Misc. action | 22 |
| Item give/drop | 14 |
38 units @ 5.2k
/ 0.6k
27 buildings @ 4.2k
/ 1.7k



| Scroll of Speed | 4 | 200 |
| Healing Salve | 5 | 500 |
| Lesser Clarity Potion | 4 | 280 |
| Orb of Lightning | 1 | 375 |
| Scroll of Town Portal | 2 | 700 |
| total: | 16 | 2055g |
| Peon | 14 | 1050 | / | 0 |
| Grunt | 5 | 1000 | / | 0 |
| Troll Headhunter | 9 | 1260 | / | 180 |
| Raider | 3 | 540 | / | 120 |
| Demolisher | 5 | 1100 | / | 250 |
| Troll Berserker | 2 | 280 | / | 40 |
| total: | 38 | 5230g | / | 590w |
| Watch Tower | 8 | 880 | / | 640 |
| Altar of Storms | 1 | 180 | / | 50 |
| Orc Burrow | 9 | 1440 | / | 360 |
| Barracks | 4 | 720 | / | 200 |
| Voodoo Lounge | 1 | 130 | / | 30 |
| War Mill | 1 | 205 | / | 0 |
| Great Hall | 1 | 385 | / | 185 |
| Beastiary | 2 | 290 | / | 280 |
| Stronghold | 1 | 315 | / | 190 |
| Fortress | 1 | 325 | / | 190 |
| total: | 27 | 4230g | / | 1745w |
| 0:03 | Peon |
| 0:08 | Altar of Storms |
| 0:10 | Peon |
| 0:21 | Orc Burrow |
| 0:28 | Peon |
| 0:36 | Barracks |
| 0:45 | Peon |
| 0:53 | Peon |
| 1:05 | Peon |
| 1:26 | Peon |
| 1:41 | Grunt |
| 1:51 | Voodoo Lounge |
| 2:02 | Orc Burrow |
| 2:12 | Wind Walk |
| 2:49 | War Mill |
| 2:53 | Grunt |
| 3:02 | Scroll of Speed |
| 3:03 | Healing Salve |
| 3:03 | Lesser Clarity Potion |
| 3:25 | Orc Burrow |
| 4:14 | Critical Strike |
| 4:35 | Grunt |
| 5:08 | Grunt |
| 5:13 | Orc Burrow |
| 5:20 | Stronghold |
| 5:25 | Barracks |
| 5:40 | Grunt |
| 6:06 | Troll Headhunter |
| 6:07 | Troll Headhunter |
| 7:10 | Mirror Image |
| 7:14 | Troll Headhunter |
| 7:14 | Troll Headhunter |
| 8:26 | Berserker Strength |
| 8:31 | Beastiary |
| 8:38 | Watch Tower |
| 8:44 | Beastiary |
| 8:51 | Healing Salve |
| 8:52 | Lesser Clarity Potion |
| 9:03 | Hex |
| 9:12 | Troll Headhunter |
| 9:22 | Pillage |
| 9:32 | Ensnare |
| 9:37 | Raider |
| 9:47 | Troll Regeneration |
| 9:51 | Steel Ranged Weapons |
| 10:03 | Peon |
| 10:04 | Peon |
| 10:08 | Raider |
| 10:19 | Troll Headhunter |
| 10:22 | Raider |
| 10:46 | Peon |
| 12:02 | Steel Armor |
| 12:04 | Reinforced Defenses |
| 12:06 | Fortress |
| 12:30 | Healing Wave |
| 12:41 | Great Hall |
| 12:45 | Watch Tower |
| 12:48 | Orc Burrow |
| 12:54 | Watch Tower |
| 13:44 | Orc Burrow |
| 13:59 | Barracks |
| 14:07 | Barracks |
| 15:12 | Critical Strike |
| 15:17 | Peon |
| 16:08 | Burning Oil |
| 16:09 | Demolisher |
| 16:09 | Demolisher |
| 16:09 | Demolisher |
| 16:13 | Demolisher |
| 16:32 | Envenomed Spears |
| 17:56 | Scroll of Speed |
| 17:57 | Lesser Clarity Potion |
| 17:57 | Healing Salve |
| 18:13 | Healing Salve |
| 18:13 | Lesser Clarity Potion |
| 18:20 | Far Sight |
| 18:32 | Troll Headhunter |
| 18:33 | Troll Headhunter |
| 18:33 | Troll Headhunter |
| 18:33 | Berserker Upgrade |
| 18:41 | Peon |
| 18:41 | Peon |
| 18:41 | Peon |
| 19:03 | Hex |
| 20:36 | Watch Tower |
| 20:40 | Orc Burrow |
| 20:42 | Watch Tower |
| 21:20 | Troll Berserker |
| 21:20 | Troll Berserker |
| 21:52 | Thorium Armor |
| 21:59 | Orc Burrow |
| 23:22 | Scroll of Speed |
| 23:23 | Healing Salve |
| 23:24 | Orb of Lightning |
| 24:38 | Arcanite Armor |
| 25:51 | Watch Tower |
| 26:29 | Demolisher |
| 26:50 | Watch Tower |
| 26:52 | Watch Tower |
| 28:28 | Orc Burrow |
| 28:56 | Scroll of Town Portal |
| 31:38 | Scroll of Town Portal |
| 31:38 | Scroll of Speed |
| Right click | 1182 |
| Select | 544 |
| Select group | 436 |
| Build/train/purchase | 121 |
| Use ability | 79 |
| Assign group | 49 |
| Item give/drop | 9 |
| Misc. action | 7 |
| Remove unit | 5 |
| Minimap ping | 2 |